Map: Old Sun Temple LE

Players

Reynor

  • Race: Zerg Zerg
  • League: Master
  • Spawn Location: 5:00

liquidclem (Clem) - Winner!

  • Race: Terran Terran
  • League: Grandmaster
  • Spawn Location: 7:00

Event: HomeStory Cup XXIX

VOD

Have the link to the VOD?

Description

Time

  • Played on: July 5, 2026, 1:52 p.m.
  • Length: 12:10

All games in this series

Show
View Real Time Build Order
Export as new Build Order

Reynor Zerg 

Build Orders: Hatch First 

Get SALT Encoding   

  8  0:00  Drone  
  9  0:10  Drone  
  10  0:17  Drone  
  11  0:24  Drone  
  12  0:33  Overlord  
  12  0:39  Extractor  
  12  0:40  Drone  
  13  0:51  Drone x2  
  15  1:13  Hatchery  
  15  1:15  Drone  
  15  1:19  Drone  
  15  1:23  Drone  
  17  1:37  Spawning Pool  
  16  1:40  Drone  
  16  1:44  Drone  
  18  1:47  Extractor  
  18  1:50  Drone  
  18  2:01  Drone  
  19  2:10  Overlord  
  19  2:24  Queen  
  19  2:25  Queen, Zergling x2  
  19  2:28  Zergling x2  
  25  2:31  Zergling x2  
  25  2:35  Drone  
  27  2:40  Drone  
  28  2:46  Overlord  
  28  2:50  Drone  
  29  2:55  Metabolic Boost  
  29  2:57  Drone  
  30  3:03  Drone  
  31  3:16  Hatchery  
  31  3:17  Drone  
  31  3:21  Drone  
  31  3:26  Overlord  
  32  3:28  Drone  
  32  3:31  Drone  
  34  3:34  Drone x2  
  34  3:38  Drone x2  
  38  3:42  Drone  
  38  3:43  Drone  
  40  3:49  Queen  
  40  3:52  Drone  
  43  3:56  Drone  
  43  3:57  Overlord  
  44  4:03  Drone  
  44  4:05  Queen  
  47  4:10  Zergling x2  
  47  4:16  Zergling x2  
  47  4:17  Zergling x4  
  51  4:18  Drone x3  
  51  4:23  Drone, Evolution Chamber  
  54  4:27  Overlord  
  54  4:30  Drone  
  55  4:32  Queen  
  55  4:33  Drone  
  55  4:37  Drone x2  
  60  4:45  Queen  
  61  4:47  Overlord  
  61  4:49  Drone x2  
  61  4:52  Zerg Ground Armor Level 1  
  63  4:56  Zergling x6  
  63  4:59  Overlord  
  66  5:01  Drone  
  66  5:02  Drone  
  66  5:06  Queen  
  70  5:11  Drone x2, Evolution Chamber  
  70  5:13  Drone  
  72  5:16  Overlord  
  72  5:17  Drone  
  72  5:18  Drone  
  74  5:23  Overlord  
  74  5:28  Drone x5  
  77  5:29  Drone  
  80  5:41  Hatchery  
  80  5:42  Zergling x8  
  83  5:45  Zerg Melee Weapons Level 1  
  83  5:46  Drone  
  83  5:47  Extractor  
  83  5:48  Queen  
  84  5:52  Queen  
  86  5:57  Drone  
  86  5:58  Zergling x4  
  86  5:59  Baneling Nest, Zergling x2  
  90  6:04  Zergling x10  
  90  6:09  Zergling x8  
  90  6:10  Zergling x2  
  98  6:15  Lair  
  98  6:18  Drone  
  98  6:19  Drone  
  100  6:25  Overlord  
  100  6:27  Overlord  
  100  6:29  Overlord  
  100  6:32  Overlord  
  99  6:39  Overlord  
  99  6:43  Drone x3  
  99  6:44  Drone  
  99  6:45  Zergling x2  
  103  6:48  Drone, Hatchery  
  103  6:49  Drone  
  103  6:52  Extractor x2  
  103  6:53  Hatchery x2  
  100  6:58  Drone x2  
  100  6:59  Drone x2  
  104  7:03  Zergling x12  
  104  7:05  Spore Crawler  
  104  7:06  Spore Crawler  
  104  7:07  Drone x2  
  104  7:08  Drone  
  113  7:15  Zergling x6  
  113  7:17  Zerg Ground Armor Level 2  
  113  7:20  Infestation Pit, Zergling x2  
  112  7:24  Zergling x2  
  112  7:26  Drone  
  112  7:30  Zergling x6  
  112  7:34  Drone x2  
  112  7:36  Zergling x8  
  120  7:38  Zergling x4  
  120  7:40  Overlord  
  120  7:41  Zerg Melee Weapons Level 2  
  122  7:45  Drone, Hatchery  
  122  7:46  Drone x2  
  124  7:56  Zergling x4  
  126  8:00  Zergling x2  
  126  8:01  Zergling x2  
  126  8:05  Infestor x2  
  123  8:07  Zergling x2  
  123  8:09  Zergling x2  
  123  8:11  Drone  
  123  8:12  Drone x2  
  131  8:13  Drone x3  
  131  8:14  Zergling x10  
  131  8:17  Hive  
  131  8:18  Zergling x6  
  142  8:20  Zergling x2  
  142  8:25  Zergling x4  
  143  8:27  Drone x2  
  143  8:32  Zergling x2  
  146  8:35  Overlord  
  146  8:37  Zergling x2  
  146  8:39  Overlord  
  146  8:43  Overlord  
  146  8:45  Drone x7, Overlord  
  146  8:49  Overlord  
  146  8:52  Pneumatized Carapace, Overseer  
  146  8:55  Drone x2  
  147  8:56  Overlord  
  147  8:58  Spore Crawler  
  147  9:00  Drone x2  
  147  9:02  Spore Crawler  
  147  9:04  Drone x3  
  147  9:05  Zergling x12  
  147  9:07  Zergling x10  
  147  9:08  Centrifugal Hooks  
  161  9:14  Baneling x11  
  161  9:16  Zergling x10  
  166  9:18  Zergling x8  
  166  9:19  Zergling x4  
  166  9:23  Zergling x10  
  177  9:28  Baneling x3  
  175  9:34  Zergling x8  
  175  9:36  Zergling x4  
  175  9:38  Zergling x4  
  169  9:39  Zergling x4  
  144  9:46  Zergling x24  
  144  9:47  Zergling x4  
  140  9:55  Infestor  
  140  9:56  Zergling x4  
  140  9:57  Zergling x6  
  135  10:03  Zergling x10  
  133  10:10  Ultralisk Cavern, Zergling x8  
  134  10:17  Zergling x10  
  137  10:21  Queen  
  137  10:23  Adrenal Glands  
  137  10:24  Zergling x2  
  137  10:26  Zergling x6  
  137  10:28  Zergling x2  
  134  10:35  Zergling x2  
  135  10:36  Queen  
  135  10:37  Zergling x8  
  135  10:40  Zergling x6  
  143  10:52  Baneling x7  
  136  11:03  Ultralisk, Zergling x26  
  143  11:10  Overlord  
  131  11:11  Zergling x6  
  131  11:17  Ultralisk, Zergling x12  
  121  11:26  Zergling x6  
  121  11:31  Zergling x6  
  121  11:32  Zergling x2  
  129  11:40  Hatchery  
  129  11:43  Zergling x14  
  129  11:45  Zergling x4  
  132  11:48  Zergling x4  
Show
View Real Time Build Order
Export as new Build Order

liquidclem Terran - Winner!

Build Orders: Reaper Expand 

Get SALT Encoding   

  8  0:00  SCV  
  9  0:12  SCV  
  10  0:24  SCV  
  10  0:27  Supply Depot  
  11  0:36  SCV  
  12  0:48  SCV  
  13  0:53  Barracks  
  13  1:00  SCV  
  14  1:05  Refinery  
  14  1:13  SCV  
  15  1:25  SCV  
  16  1:40  Orbital Command  
  16  1:47  Reaper  
  17  2:06  SCV  
  18  2:11  Command Center  
  18  2:18  SCV  
  18  2:22  Supply Depot  
  19  2:26  Marine  
  20  2:30  SCV  
  21  2:39  Factory  
  21  2:44  SCV  
  22  2:48  Barracks Reactor  
  22  2:56  SCV  
  23  3:08  SCV  
  24  3:15  Command Center  
  24  3:21  SCV  
  24  3:26  Orbital Command  
  25  3:33  SCV  
  26  3:36  Barracks  
  26  3:39  Barracks Tech Lab  
  26  3:45  SCV  
  26  3:47  Hellion  
  29  3:51  Hellion  
  29  3:53  SCV  
  32  3:59  Refinery, SCV  
  32  4:01  Marine  
  34  4:04  Stimpack  
  34  4:06  SCV  
  35  4:16  SCV  
  36  4:18  Marine  
  36  4:19  SCV  
  38  4:25  Starport  
  38  4:26  Factory Reactor  
  38  4:27  Orbital Command  
  38  4:29  SCV  
  39  4:32  Marine x2  
  39  4:34  SCV  
  42  4:40  Marine  
  42  4:41  SCV  
  44  4:46  SCV  
  44  4:49  Supply Depot  
  44  4:50  Marine x2  
  47  4:53  SCV x2  
  47  4:58  Marine, SCV  
  51  5:05  SCV  
  51  5:06  SCV  
  52  5:08  Marine x2  
  52  5:11  Medivac x2  
  52  5:12  Supply Depot  
  52  5:13  SCV  
  52  5:14  Refinery  
  59  5:15  Marine  
  59  5:16  Factory Tech Lab  
  59  5:17  SCV  
  59  5:21  Refinery  
  61  5:23  SCV  
  61  5:25  SCV  
  63  5:33  Marine x3  
  63  5:34  SCV  
  63  5:35  SCV, Supply Depot  
  68  5:39  Engineering Bay x2, SCV  
  69  5:46  SCV  
  69  5:49  SCV  
  71  5:52  Starport Reactor  
  71  5:57  Marine x3, Siege Tank  
  71  5:58  Supply Depot, Barracks  
  71  6:00  SCV  
  71  6:01  SCV  
  71  6:03  Supply Depot  
  79  6:07  SCV  
  79  6:19  Supply Depot, Terran Infantry Weapons Level 1  
  79  6:21  Terran Infantry Armor Level 1  
  79  6:23  Orbital Command  
  79  6:24  Marine x3  
  79  6:25  SCV x2  
  85  6:30  Supply Depot  
  84  6:33  Combat Shield  
  84  6:37  SCV x2  
  84  6:38  Siege Tank  
  89  6:40  Supply Depot  
  89  6:42  Marine x2  
  91  6:47  Marine x2  
  91  6:48  Marine  
  91  6:49  SCV x2  
  96  6:55  Barracks  
  96  6:56  Barracks  
  96  6:59  SCV  
  96  7:00  Marine  
  98  7:02  Medivac x2  
  98  7:03  SCV  
  98  7:07  Supply Depot, Marine  
  98  7:08  Marine x2  
  105  7:10  SCV, Marine  
  108  7:17  SCV  
  108  7:18  Marine, SCV, Factory  
  108  7:22  Refinery  
  111  7:25  Marine  
  111  7:26  Supply Depot  
  111  7:27  SCV  
  111  7:28  Marine  
  111  7:29  SCV  
  114  7:30  SCV  
  114  7:31  Marine  
  114  7:32  Medivac  
  114  7:33  Medivac  
  114  7:35  Marine, Armory  
  117  7:37  Marine  
  117  7:43  Widow Mine  
  120  7:44  Barracks Reactor x2  
  120  7:45  Supply Depot  
  120  7:47  Supply Depot  
  120  7:53  Marine x3  
  120  7:55  Command Center  
  120  7:56  Marine x2  
  121  8:06  Factory Reactor  
  121  8:07  Supply Depot  
  121  8:08  Widow Mine  
  121  8:10  Marine  
  121  8:11  Marine x2  
  121  8:12  Medivac x2  
  130  8:13  Supply Depot  
  130  8:14  Marine, Supply Depot  
  130  8:16  Marine  
  130  8:19  Marine  
  132  8:20  Marine x2  
  132  8:22  Supply Depot, Marine  
  132  8:26  Terran Infantry Weapons Level 2  
  136  8:27  Drilling Claws  
  136  8:28  Marine x2  
  136  8:32  Terran Infantry Armor Level 2  
  136  8:33  Marine  
  139  8:36  Supply Depot  
  139  8:37  SCV  
  139  8:41  SCV, Marine  
  141  8:46  Marine x2  
  141  8:47  Marine  
  144  8:48  Marine x3  
  144  8:50  Widow Mine x2  
  144  8:51  Widow Mine  
  144  8:54  Medivac  
  144  8:55  Medivac  
  155  8:56  Marine  
  156  9:04  Marine x2  
  156  9:05  Marine  
  156  9:06  Marine  
  156  9:08  SCV  
  161  9:11  Marine x2  
  161  9:12  Widow Mine x2  
  167  9:17  Barracks  
  167  9:18  Barracks, Marine  
  167  9:20  Barracks  
  168  9:24  Liberator  
  168  9:26  Marine x2  
  168  9:27  Marine x2  
  168  9:28  Marine x2  
  176  9:35  Widow Mine  
  170  9:39  SCV  
  170  9:40  SCV  
  170  9:41  Marine  
  170  9:42  Marine x2, SCV  
  170  9:44  Widow Mine  
  162  9:49  SCV  
  162  9:51  SCV, Marine x3  
  162  9:52  Widow Mine, SCV  
  155  9:54  SCV  
  155  9:55  Marine  
  153  10:00  Marine  
  153  10:02  SCV  
  153  10:03  SCV  
  153  10:04  Medivac, Barracks Tech Lab  
  153  10:05  Barracks Tech Lab, Widow Mine, SCV  
  154  10:07  Barracks Tech Lab  
  154  10:08  Marauder  
  154  10:09  SCV  
  154  10:13  Liberator  
  160  10:15  Widow Mine  
  160  10:17  SCV x2  
  160  10:18  SCV  
  165  10:26  Widow Mine  
  165  10:27  Marauder  
  165  10:28  Marine x2  
  156  10:29  Marauder x2  
  156  10:30  Marauder  
  156  10:32  Marine x2  
  156  10:33  Marine, SCV  
  156  10:34  Marine  
  167  10:38  Marine x2  
  167  10:39  SCV  
  166  10:45  Widow Mine, Planetary Fortress, Marine  
  166  10:49  Marauder  
  171  10:51  Marauder x3, Marine  
  171  10:52  Marine, SCV  
  171  10:55  Marine  
  171  10:56  Marine  
  182  11:00  SCV  
  182  11:01  Marine x3  
  182  11:03  Marine  
  181  11:05  SCV  
  181  11:09  Marine x2  
  181  11:10  Marauder  
  168  11:12  SCV, Marauder x3  
  168  11:13  Marine, SCV  
  168  11:14  Marine  
  168  11:16  Widow Mine  
  170  11:18  Marine  
  170  11:19  Marine  
  170  11:20  SCV  
  170  11:23  Widow Mine, Marine x2  
  166  11:27  SCV  
  166  11:28  SCV  
  166  11:31  Marine, Marauder  
  169  11:32  SCV  
  169  11:33  Marauder  
  169  11:34  Marauder  
  169  11:37  Supply Depot, Widow Mine  
  169  11:39  Marine x2, Supply Depot  
  173  11:42  Marine x2  
  173  11:45  Marine x2  
  176  11:48  Marauder  
Tags
 
Add a new tag
Caveats
  • Supply blocks, unpowered buildings, or Contaminate may cause inaccurate times.
  • Supply counts are checked every 10 seconds.